 Dungeon Crawl Stone Soup version 0.17-a0-1667-g4ca74a1 (webtiles) character file.

459 Malachi the Gusty (level 6, -2/39 HPs)
             Began as a High Elf Air Elementalist on Aug 18, 2015.
             Was a Follower of Vehumet.
             Slain by a sky beast (5 damage)
             ... on level 5 of the Dungeon.
             The game lasted 00:09:38 (3960 turns).

Malachi the Gusty (High Elf Air Elementalist)       Turns: 3960, Time: 00:09:39

Health: -2/39      AC:  4    Str:  7    XL:     6   Next: 78%
Magic:  12/12      EV:  9    Int: 21    God:    Vehumet [*.....]
Gold:   224        SH:  0    Dex: 16    Spells: 4 memorised, 4 levels left

rFire  + . .     SeeInvis .     e - +2 dagger (elec)
rCold  . . .     Clarity  .     a - +0 robe
rNeg   . . .     SustAt   .     (no shield)
rPois  .         Gourm    .     f - +2 hat
rElec  .         Spirit   .     (no cloak)
rCorr  .         Warding  .     (no gloves)
rMut   .         Stasis   .     (no boots)
MR     .....                    (no amulet)
Stlth  +++.......               (no ring)
                                o - ring of protection from fire

@: sluggish, very slow, not resistant to hostile enchantments, fairly stealthy
A: no striking features
a: Renounce Religion


You were on level 5 of the Dungeon.
You worshipped Vehumet.
Vehumet was aware of your devotion.
You were very hungry.

You visited 1 branch of the dungeon, and saw 5 of its levels.

You collected 224 gold pieces.

Inventory:

Hand weapons
 e - a +2 dagger of electrocution (weapon)
 r - a cursed -3 short sword
Missiles
 p - 11 poisoned needles
Armour
 a - a +0 robe (worn)
 f - a +2 hat (worn)
Jewellery
 o - a ring of protection from fire (left hand)
Magical devices
 q - a wand of frost (23)
 B - a wand of flame (28)
 C - a wand of draining (6)
Scrolls
 i - 3 scrolls of identify {unknown}
 j - 2 scrolls of random uselessness {unknown}
 k - 3 scrolls of teleportation {unknown}
 l - a scroll of enchant armour {unknown}
 n - 2 scrolls of fear {unknown}
 s - 2 scrolls of recharging {unknown}
 t - 2 scrolls of enchant weapon {unknown}
 u - a scroll of immolation {unknown}
 w - a scroll of magic mapping {unknown}
 y - a scroll of fog {unknown}
Potions
 d - 3 potions of degeneration {unknown}
 g - a potion of invisibility {unknown}
 h - 3 potions of curing {unknown}
 v - a potion of poison {unknown}
 x - a potion of magic {unknown}
 A - a potion of might {unknown}
Books
 b - a book of Air

   Spells                             Type                      Level
   a - Shock                          Conjuration/Air              1
   b - Swiftness                      Charms/Air                   2
   c - Repel Missiles                 Charms/Air                   2
   d - Static Discharge               Conjuration/Air              3
   e - Lightning Bolt                 Conjuration/Air              5
Comestibles
 c - 3 bread rations
 m - a meat ration
 z - a beef jerky


   Skills:
 + Level 1.9 Fighting
 + Level 1.3 Short Blades
 + Level 4.5 Dodging
 + Level 4.1 Stealth
 + Level 3.5 Spellcasting
 + Level 2.3 Conjurations
 + Level 0.8 Charms
 + Level 5.1 Air Magic


You had 4 spell levels left.
You knew the following spells:

 Your Spells              Type           Power        Failure   Level  Hunger
a - Shock                 Conj/Air       ###.         2%          1    None
b - Static Discharge      Conj/Air       ###.....     10%         3    ###....
r - Repel Missiles        Chrm/Air       ###...       8%          2    ##.....
s - Swiftness             Chrm/Air       ###.....     8%          2    ##.....


Dungeon Overview and Level Annotations

Branches:
Dungeon (5/15)             Temple (0/1) D:4

Altars:
Ashenzari
Cheibriados
Fedhas
Qazlal
Sif Muna
Vehumet
Xom
Yredelemnul


Message History

You feel quick.
You start to feel a little slower.
The sky beast flickers out of sight!
Deactivating autopickup; reactivate with Ctrl-A.
You feel sluggish.
A sky beast appears from thin air!
Reactivating autopickup.
The sky beast flickers out of sight!
Deactivating autopickup; reactivate with Ctrl-A.
A sky beast appears from thin air!
Reactivating autopickup.
You start to feel a little faster.
The sky beast flickers out of sight!
Deactivating autopickup; reactivate with Ctrl-A.
Found a glowing gold wand.
There is a stone staircase leading up here.
Something hits you.
* * * LOW HITPOINT WARNING * * *
Something shocks you.
You die...

.# ##.##
.#
#..##/#
.#
##.##.#
.#
#.##.#
.#
#..#.#
.#
##{#.#
.# #.#.#
#.#.#
#..@#
##..#
#..#
##.# #.#
#># #.#
#.#
######.#


There were no monsters in sight!

Vanquished Creatures
  3 ogres (D:4)
  A jelly (D:5)
  2 worker ants (D:4)
  A hound zombie (D:3)
  2 adders
  2 oozes
  An adder zombie (D:5)
  3 worms
  4 giant geckos
  6 orcs (D:3)
  9 bats
  6 giant cockroaches
  3 hobgoblins (D:1)
  2 jackals (D:2)
  3 quokkas
  A ball python (D:3)
  3 giant newts
  10 goblins
  7 kobolds
  A quokka skeleton (D:4)
  7 rats
77 creatures vanquished.

Notes
Turn   | Place    | Note
--------------------------------------------------------------
     0 | D:1      | Malachi the High Elf Air Elementalist began the quest for the Orb.
     0 | D:1      | Reached XP level 1. HP: 11/11 MP: 4/4
   267 | D:1      | Reached skill level 4 in Air Magic
   273 | D:1      | Reached XP level 2. HP: 17/17 MP: 3/6
   591 | D:1      | Reached XP level 3. HP: 14/21 MP: 0/8
  1207 | D:2      | Found a radiant altar of Vehumet.
  1208 | D:2      | Found a stormy altar of Qazlal.
  1208 | D:2      | Found a blossoming altar of Fedhas.
  1210 | D:2      | Found a basalt altar of Yredelemnul.
  1211 | D:2      | Found a shattered altar of Ashenzari.
  1259 | D:2      | Became a worshipper of Vehumet
  1326 | D:2      | Found a snail-covered altar of Cheibriados.
  1369 | D:2      | Learned a level 2 spell: Repel Missiles
  1372 | D:2      | Learned a level 2 spell: Swiftness
  1642 | D:2      | Found a shimmering altar of Xom.
  1784 | D:3      | Reached XP level 4. HP: 27/27 MP: 5/9
  1813 | D:3      | Learned a level 3 spell: Static Discharge
  2113 | D:3      | Acquired Vehumet's first power
  2113 | D:3      | Offered knowledge of Sandblast by Vehumet.
  2436 | D:3      | Found a deep blue altar of Sif Muna.
  2497 | D:4      | Noticed an ogre
  2537 | D:4      | Noticed an ogre
  2546 | D:4      | Killed an ogre
  2546 | D:4      | Reached skill level 1 in Fighting
  2546 | D:4      | Reached skill level 1 in Short Blades
  2546 | D:4      | Reached XP level 5. HP: 3/33 MP: 0/10
  2867 | D:4      | Noticed an ogre
  2876 | D:4      | Killed an ogre
  2876 | D:4      | Reached XP level 6. HP: 35/39 MP: 1/11
  3337 | D:4      | Found a staircase to the Ecumenical Temple.
  3347 | D:4      | Killed an ogre
  3347 | D:4      | Reached skill level 5 in Air Magic
  3633 | D:5      | Entered Level 5 of the Dungeon
  3931 | D:5      | HP: 1/39 [something (5)]
  3960 | D:5      | Slain by a sky beast

Vault maps used:
D:1:      dpeg_arrival_shelter
D:2:      cheibriados_altar_1, grunt_temple_overflow_open, xom_teletrap_fun
D:3:      led_sif_pool, first_bread
D:4:      temple_fountains, hangedman_decor_diamond_cutter,
          minmay_misc_feat_five
D:5:      kennysheep_windowed_goal

Action                   |  1- 3 |  4- 6 || total
-------------------------+-------+-------++-------
Melee: Dagger            |    86 |    65 ||   151
       Unarmed           |     3 |       ||     3
 Cast: Shock             |    43 |    13 ||    56
       Static Discharge  |       |     9 ||     9
       Swiftness         |       |     2 ||     2
 Stab: Sleeping          |     6 |     5 ||    11
  Eat: Chunk             |     3 |     6 ||     9
